Map: Eternal Empire LE

Players

ShoWTimE - Winner!

  • Race: Protoss Protoss
  • League: Master
  • Spawn Location: 7:00

HeroMarine

  • Race: Terran Terran
  • League: Master
  • Spawn Location: 1:00

Event: DreamHack SC2 Masters 2020 Fall

VOD

Have the link to the VOD?

Description

Time

  • Played on: Sept. 11, 2020, 1:12 p.m.
  • Length: 17:02

All games in this series

Show
View Real Time Build Order
Export as new Build Order

ShoWTimE Protoss - Winner!

Build Orders: 1 Gate Expand, Blink Stalkers 

Get SALT Encoding   

  12  0:00  Probe  
  13  0:12  Probe  
  14  0:18  Pylon  
  14  0:24  Probe (Chrono Boost)  
  15  0:36  Probe (Chrono Boost)  
  15  0:37  Gateway  
  16  0:45  Probe (Chrono Boost), Assimilator  
  17  0:50  Probe  
  18  1:03  Probe  
  19  1:15  Probe  
  20  1:25  Cybernetics Core  
  20  1:34  Nexus  
  20  1:38  Probe  
  21  1:43  Pylon  
  21  1:50  Probe  
  21  1:51  Assimilator  
  22  1:59  Adept (Chrono Boost)  
  22  2:02  Probe  
  22  2:04  Warp Gate  
  25  2:14  Probe  
  26  2:20  Stalker (Chrono Boost)  
  28  2:26  Probe  
  29  2:31  Shield Battery  
  29  2:38  Probe  
  29  2:41  Twilight Council  
  30  2:45  Stalker  
  30  2:48  Probe (Chrono Boost)  
  33  2:57  Probe (Chrono Boost)  
  35  3:00  Probe (Chrono Boost)  
  35  3:05  Probe x2 (Chrono Boost)  
  35  3:11  Robotics Facility  
  36  3:15  Probe x2  
  36  3:19  Blink (Chrono Boost)  
  38  3:23  Gateway  
  38  3:28  Probe  
  38  3:32  Probe  
  40  3:38  Pylon  
  40  3:40  Probe  
  41  3:44  Probe  
  42  3:53  Probe, Stalker  
  45  3:56  Probe  
  45  3:59  Observer  
  47  4:05  Nexus  
  47  4:07  Probe  
  49  4:10  Probe  
  49  4:12  Pylon  
  49  4:21  Observer  
  49  4:23  Pylon  
  49  4:24  Stalker  
  49  4:26  Probe x2  
  53  4:31  Stalker  
  56  4:38  Probe x2  
  56  4:44  Pylon  
  55  4:50  Probe x2  
  51  4:53  Stalker  
  51  4:54  Stalker  
  51  4:57  Assimilator  
  55  5:00  Observer  
  55  5:02  Probe x2  
  55  5:06  Gateway  
  58  5:09  Assimilator  
  58  5:14  Probe  
  58  5:15  Probe  
  58  5:17  Stalker  
  62  5:21  Probe, Observer  
  62  5:27  Probe x2, Forge  
  66  5:33  Probe  
  65  5:39  Probe x2 (Chrono Boost)  
  61  5:46  Probe (Chrono Boost)  
  63  5:51  Probe x2 (Chrono Boost)  
  63  5:52  Forge  
  63  5:57  Probe (Chrono Boost)  
  64  5:58  Probe x2 (Chrono Boost)  
  64  6:01  Probe (Chrono Boost)  
  67  6:07  Probe x2 (Chrono Boost)  
  67  6:09  Pylon  
  67  6:11  Sentry x2, Protoss Ground Armor Level 1 (Chrono Boost)  
  73  6:12  Probe (Chrono Boost)  
  73  6:15  Pylon  
  76  6:20  Gateway  
  76  6:21  Probe (Chrono Boost), Gateway  
  76  6:22  Probe x2 (Chrono Boost)  
  76  6:25  Observer  
  78  6:26  Probe (Chrono Boost), Protoss Ground Weapons Level 1 (Chrono Boost)  
  78  6:29  Probe (Chrono Boost)  
  78  6:30  Probe (Chrono Boost)  
  78  6:31  Charge (Chrono Boost)  
  81  6:33  Assimilator  
  81  6:38  Probe (Chrono Boost), Assimilator  
  82  6:42  Probe (Chrono Boost)  
  82  6:43  Templar Archives  
  85  6:47  Probe (Chrono Boost)  
  85  6:48  Probe (Chrono Boost)  
  85  6:49  Probe (Chrono Boost)  
  85  6:52  Zealot x2  
  85  6:54  Probe (Chrono Boost)  
  91  6:56  Probe  
  91  6:58  Probe  
  91  7:01  Pylon, Gateway  
  93  7:05  Shield Battery  
  93  7:09  Immortal (Chrono Boost)  
  93  7:12  Gateway  
  97  7:16  Gateway  
  97  7:19  Sentry x2  
  101  7:25  Psionic Storm  
  100  7:32  Phoenix  
  100  7:33  High Templar  
  102  7:43  Warp Prism (Chrono Boost)  
  104  7:46  Pylon  
  104  7:47  Gateway x2, High Templar x2  
  104  7:48  Pylon  
  104  7:49  Pylon  
  108  7:55  High Templar  
  109  7:59  Nexus  
  109  8:05  Pylon  
  109  8:07  Pylon, High Templar  
  109  8:09  Zealot x2  
  109  8:11  Zealot  
  117  8:13  Zealot  
  117  8:17  Pylon  
  119  8:20  Immortal  
  119  8:26  Zealot x2  
  127  8:29  Protoss Ground Armor Level 2 (Chrono Boost), High Templar  
  129  8:35  Protoss Ground Weapons Level 2 (Chrono Boost)  
  129  8:36  Zealot x2  
  129  8:39  Observer  
  129  8:41  Zealot  
  135  8:48  Shield Battery  
  135  8:55  Zealot x4  
  143  9:02  Zealot x3  
  143  9:13  High Templar  
  143  9:15  Zealot x3  
  141  9:18  Zealot  
  138  9:24  Zealot  
  138  9:30  Zealot x2  
  140  9:35  Pylon  
  140  9:37  Pylon  
  110  9:49  Zealot x3  
  110  9:50  Zealot x5  
  110  9:51  Immortal  
  124  9:58  High Templar x2  
  128  10:01  Robotics Bay  
  128  10:02  Archon, Robotics Facility  
  128  10:07  Archon  
  128  10:13  High Templar x4  
  128  10:14  Observer  
  136  10:18  Archon  
  136  10:19  Nexus  
  136  10:22  Pylon  
  136  10:23  Zealot x4  
  144  10:30  Pylon  
  144  10:34  Observer  
  145  10:40  Pylon  
  145  10:44  Probe x3  
  146  10:55  Colossus x2 (Chrono Boost)  
  146  11:00  Extended Thermal Lance  
  158  11:06  Probe x3  
  158  11:09  Stalker x2  
  158  11:10  Stalker  
  167  11:12  Zealot  
  167  11:14  Zealot  
  167  11:17  Stalker  
  171  11:19  Protoss Ground Armor Level 3 (Chrono Boost)  
  171  11:22  Protoss Ground Weapons Level 3 (Chrono Boost)  
  171  11:24  Probe x3  
  172  11:37  Probe x3  
  173  11:46  Zealot x4  
  181  11:53  Colossus  
  187  12:01  Colossus  
  187  12:02  Photon Cannon  
  186  12:16  Dark Shrine  
  186  12:18  Photon Cannon  
  186  12:24  Photon Cannon  
  186  12:26  Shield Battery  
  186  12:29  Nexus  
  186  12:31  Pylon  
  186  12:33  High Templar x2  
  190  12:41  Unknown, Pylon  
  190  12:43  High Templar  
  192  12:44  Assimilator  
  192  12:48  Assimilator  
  192  13:00  Zealot x7  
  186  13:19  Disruptor x2  
  192  13:22  Shadow Stride (Chrono Boost)  
  192  13:23  Stalker x2, Observer  
  192  13:26  Pylon  
  196  13:28  Gateway  
  196  13:30  Gateway  
  196  13:31  Gateway  
  196  13:34  Gateway  
  193  13:41  Photon Cannon  
  193  13:42  Photon Cannon  
  193  13:44  Photon Cannon  
  193  13:46  Shield Battery  
  193  13:53  Archon  
  193  13:54  Zealot x6  
  179  13:56  Zealot x4  
  181  14:03  Probe x2, Disruptor x2 (Chrono Boost)  
  181  14:04  Probe  
  190  14:18  Dark Templar x5  
  190  14:19  Protoss Shields Level 1 (Chrono Boost), Archon  
  200  14:29  Photon Cannon  
  200  14:35  Gravitic Boosters (Chrono Boost)  
  200  14:52  Disruptor x2  
  192  14:56  Archon, High Templar x4  
  198  15:04  Dark Templar  
  200  15:13  Stargate  
  200  15:20  Nexus  
  200  15:21  Pylon  
  200  15:28  Disruptor x2  
  183  15:31  Dark Templar x3  
  183  15:32  Dark Templar x2  
  199  15:42  Photon Cannon  
  197  15:43  Photon Cannon  
  197  15:45  Shield Battery  
  197  15:47  Shield Battery  
  197  15:49  Pylon  
  197  15:58  Gateway  
  190  16:07  High Templar  
  190  16:09  Stalker x4  
  196  16:27  Stalker x2  
  196  16:28  Stalker x2  
Show
View Real Time Build Order
Export as new Build Order

HeroMarine Terran 

Build Orders: Banshee Rush 

Get SALT Encoding   

  12  0:00  SCV  
  13  0:12  SCV  
  14  0:17  Supply Depot  
  14  0:24  SCV  
  15  0:38  SCV  
  15  0:39  Barracks  
  16  0:44  Refinery  
  16  0:50  SCV  
  16  0:55  Refinery  
  17  1:03  SCV  
  18  1:15  SCV  
  19  1:25  Marine  
  19  1:27  Orbital Command  
  20  1:33  Factory  
  20  1:42  Supply Depot  
  20  1:45  Barracks Reactor  
  20  1:52  SCV  
  21  2:04  SCV  
  22  2:16  SCV  
  23  2:24  Command Center  
  23  2:27  Hellion  
  23  2:29  Hellion  
  27  2:32  SCV  
  28  2:41  Starport  
  28  2:44  SCV  
  28  2:48  Hellion  
  31  2:54  Supply Depot  
  31  2:56  Barracks Tech Lab  
  31  3:16  SCV  
  31  3:17  Medivac, Widow Mine  
  31  3:18  Widow Mine  
  38  3:28  SCV  
  39  3:37  Orbital Command  
  39  3:39  Widow Mine x2  
  39  3:40  SCV  
  44  3:52  SCV  
  44  3:55  Cloaking Field, Banshee  
  48  4:04  SCV x2  
  48  4:07  Supply Depot  
  50  4:11  Marine x2  
  50  4:13  Factory Tech Lab  
  50  4:16  SCV  
  50  4:17  SCV  
  54  4:28  SCV  
  54  4:29  SCV, Supply Depot, Marine x2  
  58  4:33  Siege Tank  
  61  4:40  SCV  
  61  4:44  SCV  
  61  4:49  Banshee  
  61  4:51  Marine x2  
  63  4:52  SCV  
  63  4:56  SCV  
  64  5:00  Command Center  
  64  5:04  SCV  
  64  5:07  Siege Tank  
  68  5:08  SCV  
  68  5:09  Marine  
  68  5:13  Barracks  
  68  5:14  Marine  
  71  5:17  SCV  
  71  5:20  SCV  
  73  5:26  Barracks  
  73  5:27  Marine  
  74  5:29  SCV  
  74  5:31  Marine  
  74  5:32  SCV  
  75  5:41  SCV, Siege Tank  
  73  5:44  SCV, Refinery  
  73  5:46  Marine  
  73  5:47  Engineering Bay  
  73  5:48  Engineering Bay  
  73  5:49  Marine  
  76  5:57  SCV x2  
  78  6:08  Refinery  
  78  6:12  SCV, Marine x2  
  82  6:18  Starport Reactor, Orbital Command  
  82  6:19  Terran Infantry Weapons Level 1, Barracks  
  82  6:21  Barracks  
  82  6:23  Terran Infantry Armor Level 1  
  82  6:24  Stimpack  
  81  6:27  SCV x2  
  81  6:32  Marine  
  84  6:33  Combat Shield, Marine  
  84  6:34  Factory Reactor  
  84  6:35  Marine x2  
  84  6:39  SCV x2  
  89  6:43  Orbital Command  
  89  6:49  Marine  
  89  6:51  SCV x2, Marine  
  93  6:55  Supply Depot x2  
  93  6:58  Supply Depot  
  93  7:00  Supply Depot  
  93  7:13  Barracks Reactor, Barracks Tech Lab  
  93  7:16  SCV x3, Medivac x2, Marauder x2  
  104  7:23  Marine x2  
  104  7:28  SCV x3  
  106  7:33  Widow Mine x2  
  106  7:36  Refinery  
  106  7:37  Refinery, Marauder  
  112  7:38  Marauder x2  
  112  7:40  SCV x2  
  112  7:41  SCV  
  112  7:42  Bunker  
  119  7:44  Marine  
  119  7:45  Supply Depot, Marine  
  119  7:46  Supply Depot  
  119  7:48  Armory  
  121  7:52  SCV, Medivac  
  121  7:57  SCV x2  
  121  7:58  Marauder  
  128  7:59  Medivac  
  128  8:00  Marine x2  
  128  8:05  SCV  
  133  8:07  Supply Depot, Marauder x2  
  133  8:09  Supply Depot  
  133  8:10  Marine  
  133  8:11  Supply Depot, Marine  
  139  8:19  Marauder  
  141  8:24  Marine x2  
  141  8:27  Widow Mine  
  141  8:28  Marauder, Widow Mine  
  147  8:36  Command Center, Terran Infantry Weapons Level 2  
  147  8:39  Terran Infantry Armor Level 2, Ghost Academy  
  147  8:42  Marauder  
  147  8:44  Marauder  
  147  8:47  Marine x2  
  153  8:55  Marauder  
  152  8:56  Marine x2  
  152  8:58  Widow Mine x2  
  154  9:03  SCV x2, Marauder  
  154  9:04  SCV  
  154  9:06  Marauder  
  157  9:16  Marauder, Marine x2  
  153  9:19  SCV x2  
  153  9:22  SCV  
  153  9:24  Marauder, Marine x2  
  153  9:26  Widow Mine  
  153  9:29  Medivac  
  156  9:33  Medivac  
  146  9:39  SCV  
  146  9:40  SCV x2  
  146  9:44  Marauder x2  
  146  9:45  Marine  
  123  9:46  Marauder  
  123  9:48  Marine  
  123  9:50  Marine x2  
  116  9:54  SCV x3  
  119  10:02  Medivac, Widow Mine x2  
  119  10:03  Marine  
  119  10:05  Marauder  
  119  10:06  SCV x3  
  131  10:10  Missile Turret  
  131  10:11  Enhanced Shockwaves, Missile Turret  
  131  10:12  Ghost  
  133  10:14  Ghost  
  133  10:16  Medivac  
  133  10:18  SCV  
  133  10:19  SCV x2  
  140  10:30  SCV  
  140  10:31  SCV x2  
  140  10:33  Planetary Fortress  
  143  10:35  Medivac  
  143  10:36  Unknown  
  143  10:38  Marine x3  
  143  10:40  Marine  
  143  10:41  Starport  
  143  10:42  SCV  
  149  10:43  SCV x2  
  149  10:46  Medivac  
  153  10:51  Marauder x2  
  153  10:52  Marauder  
  153  10:54  SCV  
  153  10:56  Marine x3  
  161  10:58  Terran Infantry Weapons Level 3  
  160  11:04  Missile Turret  
  160  11:08  SCV  
  160  11:09  SCV x2  
  160  11:10  SCV  
  160  11:11  Marine  
  162  11:12  Marauder  
  162  11:13  Marauder  
  162  11:17  Barracks x2  
  162  11:18  Barracks  
  167  11:21  Terran Ship Weapons Level 1, Terran Infantry Armor Level 3  
  167  11:23  Marauder  
  159  11:34  Marauder x2  
  159  11:37  Medivac  
  159  11:39  Medivac x2, Marine  
  170  11:44  Supply Depot, Marauder  
  170  11:45  Supply Depot, Marine  
  173  11:52  Marine x2  
  175  11:55  Marauder x2  
  175  11:57  Marine  
  175  12:00  Command Center  
  180  12:04  Ghost  
  181  12:08  Viking  
  181  12:09  Viking  
  183  12:16  Ghost  
  183  12:17  Barracks Reactor, Barracks Tech Lab x2  
  183  12:19  Personal Cloaking  
  183  12:22  Viking x2  
  189  12:35  Ghost  
  191  12:38  Viking  
  191  12:39  Command Center  
  193  12:51  Viking  
  193  12:52  Viking  
  191  13:07  Ghost  
  191  13:08  Ghost  
  191  13:09  Marauder  
  191  13:10  Ghost, Marauder  
  188  13:16  Viking x2  
  185  13:20  SCV x3  
  185  13:21  SCV  
  189  13:28  Marine  
  189  13:29  Marine x2  
  189  13:30  Ghost, Marauder, Marine x2  
  189  13:32  Marine  
  199  13:36  Marine  
  200  13:53  Marauder  
  200  13:54  Marine  
  200  13:55  Marauder, Marine x2  
  180  13:57  Marine x2  
  180  13:59  Medivac  
  180  14:00  Medivac x2  
  180  14:02  Medivac  
  174  14:03  Ghost x2  
  174  14:05  Planetary Fortress  
  174  14:06  Orbital Command  
  178  14:13  Ghost x2  
  182  14:17  Marauder  
  182  14:18  Refinery  
  182  14:26  Terran Ship Weapons Level 2  
  182  14:30  Marine x3  
  185  14:31  Ghost x2  
  185  14:36  Marine x2  
  185  14:37  Marine  
  192  14:39  Marauder  
  192  14:42  Marauder  
  192  14:43  Marauder  
  196  14:47  Marine  
  196  14:49  Liberator  
  189  14:59  Marine x2  
  175  15:00  Marauder  
  175  15:01  Marauder x2, Marine x2  
  175  15:03  Ghost, Marine  
  175  15:06  Liberator  
  186  15:08  Liberator  
  186  15:10  Liberator  
  192  15:18  Marauder, Orbital Command  
  192  15:20  Marine  
  183  15:30  Marauder  
  183  15:32  Liberator  
  183  15:33  Marauder x2  
  183  15:35  Orbital Command  
  192  15:38  Marauder  
  194  15:44  Marine  
  194  15:47  Marauder  
  194  15:49  Liberator  
  186  16:05  Marauder x3  
  186  16:08  Marauder  
  186  16:09  Marauder  
  186  16:10  Marine x4  
  200  16:18  Missile Turret  

Tags
 
Add a new tag
Caveats
  • Supply blocks, unpowered buildings, or Contaminate may cause inaccurate times.
  • Supply counts are checked every 10 seconds.